 Dungeon Crawl Stone Soup version 0.31-a0-210-gccc998df9b (webtiles) character file.

Game seed: 589620439360990419

77 qw the Shooter (level 4, 0/36 HPs)
             Began as a Minotaur Hexslinger on June 30, 2023.
             Slain by an orc wizard
             ... wielding a +0 dagger
              (1 damage)
             ... on level 3 of the Dungeon.
             The game lasted 00:00:40 (2161 turns).

qw the Shooter (Minotaur Hexslinger)                Turns: 2161, Time: 00:00:41

Health: 0/36       AC:  5    Str: 12    XL:     4   Next: 13%
Magic:  4/4        EV: 11    Int: 10    God:
Gold:   146        SH:  0    Dex: 15    Spells: 4/5 levels left

rFire   . . .        Y - +2 sling
rCold   . . .        (no shield)
rNeg    . . .        h - +0 ring mail
rPois   .            (helmet restricted)
rElec   .            (no cloak)
rCorr   .            (no gloves)
SInv    .            (no boots)
Will    .....        (no amulet)
Stlth   +            (no ring)
HPRegen 0.26/turn    (no ring)
MPRegen 0.09/turn

%: no passive effects
@: no status effects
A: horns 2, retaliatory headbutt
a: no special abilities


You were on level 3 of the Dungeon.
You visited 1 branch of the dungeon, and saw 3 of its levels.

You collected 146 gold pieces.


Innate Abilities, Weirdness & Mutations

You have a pair of horns on your head.
You reflexively headbutt those who attack you in melee.


   Skills:
 - Level 2.0 Fighting
 + Level 4.4 Ranged Weapons
 - Level 1.3 Armour
 - Level 2.1 Dodging
 - Level 1.0 Spellcasting
 - Level 2.0 Hexes


You had 4 spell levels left.
You knew the following spells:

 Your Spells              Type           Power      Damage    Failure   Level
a - Slow                  Hex            16%        N/A       32%         1

Your spell library contained the following spells:

 Spells                   Type           Power      Damage    Failure   Level
 Inner Flame              Hex/Fire       2%         N/A       83%         3
 Portal Projectile        Hex/Tloc       4%         N/A       83%         3
 Cause Fear               Hex            2%         N/A       97%         4

Inventory:

Hand Weapons
 Y - a +2 sling (weapon)
Armour
 h - a +0 ring mail (worn)
Scrolls
 a - a scroll of identify
Potions
 j - a potion of enlightenment

Dungeon Overview and Level Annotations

Branches:
Dungeon (3/15)

Altars:


Message History

The orc wizard points at you and mumbles some strange words.
The puff of flame hits you. The orc completely misses you.
The orc wizard closely misses you.
You shoot a sling bullet.
The sling bullet hits the orc wizard but does no damage.
The orc wizard is almost dead.
The orc hits you but does no damage.
The orc wizard mumbles some strange words.
The orc wizard flickers and vanishes!
Deactivating autopickup; reactivate with Ctrl-A.
You shoot a sling bullet.
The sling bullet completely misses the orc.
The orc hits you with a +0 dagger.
You hear some strange, mumbled words.
You are confused.
The orc hits you with a +0 dagger. Something hits you.
The orc hits you but does no damage. Something hits you.
The orc hits you with a +0 dagger. Something hits you but does no damage.
The orc misses you. Something hits you. The orc closely misses you.
Something hits you but does no damage.
You feel less confused. The orc hits you with a +0 dagger. Something hits you.
You shoot a sling bullet. The sling bullet hits the orc.
The orc is moderately wounded.
The orc completely misses you. Something hits you but does no damage.
The orc hits you with a +0 dagger. Something hits you.
You shoot a sling bullet. The sling bullet hits the orc!
You kill the orc!
You hear some strange, mumbled words.
A puff of flame appears from out of thin air!
The puff of flame hits you!
You shoot a sling bullet. Something hits you but does no damage.
You shoot a sling bullet. Something hits you. x2
You shoot a sling bullet.
An orc comes into view. It is wielding a +0 whip.
Something hits you.
2161 ||| FLEEEEING.
Something hits you.
You die...

#o....# .....+... ..
....#..##. . o........
.. #'##........
#.######.##..##...
#......o........
.......#.##).##.
.......#.{@..#
.......####..# .
..#....####..###..# .
#................
###'#####..###...
#......................
#.#####..###.##.).#.#..
# ####..##.......#.#..
. #.
#......'............


You could see an orc (wandering).

Vanquished Creatures
  2 adders
  A dart slug (D:1)
  An orc (D:3)
  2 endoplasms
  2 giant cockroaches (D:1)
  9 goblins
  8 hobgoblins
  3 jackals (D:1)
  3 kobolds
  4 quokkas
  2 ball pythons (D:1)
  3 bats
  2 frilled lizards (D:1)
  7 rats
49 creatures vanquished.

Notes
Turn   | Place    | Note
-------+----------+-------------------------------------------
     0 | D:1      | qw the Minotaur Hexslinger began the quest for the Orb.
     0 | D:1      | Reached XP level 1. HP: 16/16 MP: 1/1
     0 | D:1      | 0 ||| qw: Version: 0.3-a-24-ga2abf7b
     0 | D:1      | 0 ||| qw: Game counter: 7061
     0 | D:1      | 0 ||| qw: Melee chars always use a shield: true
     0 | D:1      | 0 ||| qw: God list: Okawaru
     0 | D:1      | 0 ||| qw: Allow faded altars: false
     0 | D:1      | 0 ||| qw: Do Orc after clearing Dungeon:15 true
     0 | D:1      | 0 ||| qw: Do second Lair branch before Depths: true
     0 | D:1      | 0 ||| qw: Lair rune preference: random
     0 | D:1      | 0 ||| qw: Goals: Normal
     0 | D:1      | 0 ||| PLANNING D:1-11
    57 | D:1      | Found a faded altar of an unknown god.
   256 | D:1      | Reached skill level 3 in Ranged Weapons
   256 | D:1      | Reached XP level 2. HP: 23/23 MP: 2/2
   274 | D:1      | HP: 5/23 [hobgoblin (5)]
   274 | D:1      | HP: 2/23 [hobgoblin (3)]
   706 | D:1      | Reached XP level 3. HP: 28/29 MP: 3/3
  1173 | D:1      | 1173 ||| UPGRADING to +0 leather armour.
  1183 | D:1      | 1183 ||| DROPPING +0 robe.
  1184 | D:1      | 1184 ||| UPGRADING to +0 ring mail.
  1194 | D:1      | 1194 ||| DROPPING +0 leather armour.
  1195 | D:1      | 1195 ||| READING 2 scrolls labelled VOEQIOZOSI.
  1196 | D:1      | 1196 ||| READING scroll labelled XONI CITHRINT.
  1197 | D:1      | 1197 ||| READING scroll labelled KAX LUBRIZISKO.
  1201 | D:1      | 1201 ||| READING scroll labelled VOISOR MISECEO.
  1202 | D:1      | 1202 ||| READING scroll labelled UTSIN QUNIOBYR.
  1203 | D:1      | 1203 ||| DROPPING scroll of poison.
  1323 | D:2      | Reached skill level 4 in Ranged Weapons
  1405 | D:2      | Reached skill level 1 in Armour
  1954 | D:2      | 1954 ||| READING scroll labelled QEUKHL BOAGAF.
  1955 | D:2      | 1955 ||| READING scroll labelled GYZIGA AWEORPHU.
  1956 | D:2      | 1956 ||| READING 3 scrolls of identify.
  1956 | D:2      | 1956 ||| IDENTIFYING clear potion
  1957 | D:2      | 1957 ||| READING 2 scrolls of identify.
  1957 | D:2      | 1957 ||| IDENTIFYING puce potion
  1958 | D:2      | 1958 ||| DROPPING potion of berserk rage.
  2110 | D:3      | Reached XP level 4. HP: 36/36 MP: 4/4
  2136 | D:3      | 2136 ||| FLEEEEING.
  2138 | D:3      | 2138 ||| FLEEEEING.
  2139 | D:3      | 2139 ||| FLEEEEING.
  2157 | D:3      | HP: 5/36 [something/puff of flame (10)]
  2159 | D:3      | HP: 2/36 [something (1)]
  2161 | D:3      | 2161 ||| FLEEEEING.
  2161 | D:3      | Slain by an orc wizard

Levels and vault maps discovered:
D:1:      minmay_arrival_wavy_path, layout_loops_corners,
          hellmonk_ecumenical_altar_crossroads
D:2:      layout_loops_ring, st_stairs_7
D:3:      layout_basic, jmf_multi_god_temple, amcnicky_mini_pool_small

Skill      XL: |  1  2  3 |
---------------+----------+-----
Ranged Weapons | 3 4 |  4.4
Fighting       | 2 |  2.0
Armour         | 1 |  1.3
Dodging        | |  2.1
Spellcasting   | |  1.0
Hexes          | |  2.0

Action                     |  1- 3 |  4- 6 || total
---------------------------+-------+-------++-------
   Fire: Sling             |   137 |    16 ||   153
    Use: Scroll            |     9 |       ||     9
 Armour: Robe              |     1 |       ||     1
         Ring mail         |     4 |     8 ||    12
  Dodge: Dodged            |    38 |     8 ||    46

Table legend:
 A = Non-vault XP
 B = Vault XP
 C = Vault XP percentage of total XP
 D = Non-vault monster count
 E = Vault monster count
 F = Vault count percentage of total count
                 A         B        C        D         E       F
            +---------+---------+-------+---------+---------+-------
      Total |     109 |       1 |   0.9 |      48 |       1 |   2.0
            +---------+---------+-------+---------+---------+-------
        D:1 |      55 |       0 |   0.0 |      31 |       0 |   0.0
        D:2 |      31 |       1 |   3.1 |      11 |       1 |   8.3
        D:3 |      23 |       0 |   0.0 |       6 |       0 |   0.0
            +---------+---------+-------+---------+---------+-------
